 Dungeon Crawl Stone Soup version 0.22-a0-322-g60b3cfd (webtiles) character file.

169 corax the Vandal (level 5, -5/36 HPs)
             Began as a Halfling Hunter on Apr 2, 2018.
             Slain by sexinstructor's ghost (14 damage)
             ... on level 3 of the Dungeon.
             The game lasted 00:06:01 (1625 turns).

corax the Vandal (Halfling Hunter)                  Turns: 1625, Time: 00:06:01

Health: -5/36      AC:  4    Str: 14    XL:     5   Next: 79%
Magic:  5/5        EV: 16    Int:  9    God:
Gold:   64         SH:  0    Dex: 15    Spells: 4/4 levels left

rFire    . . .     SeeInvis .   a - +1 hunting sling
rCold    . . .     Gourm    .   (shield restricted)
rNeg     . . .     Faith    .   c - +0 leather armour
rPois    .         Spirit   .   p - +0 helmet
rElec    .         Reflect  .   (no cloak)
rCorr    .         Harm     .   (no gloves)
MR       .....                  (no boots)
Stlth    ++........             (no amulet)
HPRegen  0.12/turn              (no ring)
MPRegen  0.09/turn              (no ring)

@: no status effects
A: small, mutation resistance 1
a: no special abilities


You were on level 3 of the Dungeon.
You were not hungry.

You visited 1 branch of the dungeon, and saw 3 of its levels.

You collected 64 gold pieces.

Inventory:

Hand Weapons
 a - a +1 hunting sling (weapon)
 b - a +0 short sword
Missiles
 d - 9 sling bullets (quivered)
 e - 31 stones
 n - 57 arrows
Armour
 c - a +0 leather armour (worn)
 p - a +0 helmet (worn)
Wands
 m - a wand of paralysis (12)
Scrolls
 i - 2 scrolls of enchant weapon {unknown}
 j - a scroll of teleportation {unknown}
 k - a scroll of enchant armour {unknown}
 l - 4 scrolls of remove curse {unknown}
 o - a scroll of amnesia {unknown}
 t - a scroll of magic mapping {unknown}
Potions
 g - a potion of curing {unknown}
 h - a potion of invisibility {unknown}
 q - a potion of agility {unknown}
 r - a potion of flight {unknown}
Comestibles
 f - 7 rations
 s - 2 chunks of flesh


   Skills:
 + Level 2.8 Fighting
 + Level 6.9 Slings
 + Level 3.6 Dodging
 + Level 3.1 Stealth


You had 4 spell levels left.
You didn't know any spells.

Dungeon Overview and Level Annotations

Branches:
Dungeon (3/15)

Altars:

Annotations:
D:3 sexinstructor's ghost, novice OgBe


Innate Abilities, Weirdness & Mutations

You are small and have problems with some larger weapons.
You are somewhat resistant to further mutation.


Message History

Aim: sexinstructor's ghost (moderately damaged)
You shoot a sling bullet.
The sling bullet barely misses sexinstructor's ghost.
Sexinstructor's ghost hits you!
* * * LOW HITPOINT WARNING * * *
Firing (i - inventory. (/) - cycle)
d - 10 sling bullets (quivered)
Press: ? - help, Shift-Dir - straight line, f/p - sexinstructor's ghost
Aim: sexinstructor's ghost (moderately damaged)
You shoot a sling bullet.
The sling bullet hits sexinstructor's ghost but does no damage.
Sexinstructor's ghost is moderately damaged.
Sexinstructor's ghost hits you but does no damage.
Okay, then.
Evoke which item? (* to show all) (? for menu, Esc to quit)
Aiming: Paralyse
Press: ? - help, Shift-Dir - straight line, f/p - sexinstructor's ghost
Aim: sexinstructor's ghost (moderately damaged, chance to defeat MR: 24%) Sexinstructor's ghost resists with almost no effort.
Sexinstructor's ghost hits you!
You die...

..# #.# #####.#######
##...........####
#....[..<.......#
####..###........#.#
......)...####...#
#.###.###.####...# #
#.# #.......@# .# #.
#.# #..###..W# .#
#.###.###..###...# .#
.................# ##.
#.#.#######......# #..
#.#.# #......#( #.#####
#.#.# #......#.## ###
#...... #.#.###
#.....(....##.###.#####
#.#.#.##
#.##...#.#.#...##.<....


You could see sexinstructor's ghost.

Vanquished Creatures
  A bullfrog skeleton (D:2)
  5 adders
  3 gnolls
  3 worms
  2 dart slugs (D:2)
  3 leopard geckos
  A ball python (D:3)
  2 bats (D:1)
  2 giant cockroaches (D:1)
  7 goblins
  10 hobgoblins
  5 jackals (D:2)
  4 kobolds
  5 frilled lizards
  2 rats (D:3)
55 creatures vanquished.

Notes
Turn   | Place    | Note
-------+----------+-------------------------------------------
     0 | D:1      | corax the Halfling Hunter began the quest for the Orb.
     0 | D:1      | Reached XP level 1. HP: 14/14 MP: 1/1
   134 | D:1      | Reached skill level 6 in Slings
   134 | D:1      | Reached XP level 2. HP: 15/19 MP: 2/2
   377 | D:1      | Reached XP level 3. HP: 24/24 MP: 3/3
   726 | D:2      | Reached XP level 4. HP: 29/29 MP: 4/4
   883 | D:2      | Reached XP level 5. HP: 23/35 MP: 5/5
  1140 | D:3      | Noticed sexinstructor's ghost (novice OgBe)
  1625 | D:3      | Slain by sexinstructor's ghost

Vault maps used:
D:1:      dpeg_arrival_windows_large_door
D:2:      first_ration, moated_statue
D:3:      serial_bayou_pond_a, roderic_batcave, uniq_sigmund

Skill      XL: |  1  2  3  4  5 |
---------------+----------------+-----
Slings         | 6 |  6.9
Fighting       | 2 |  2.8
Stealth        | 2 3 |  3.1
Dodging        | 3 |  3.6

Action                   |  1- 3 |  4- 6 || total
-------------------------+-------+-------++-------
Melee: Short sword       |     4 |     8 ||    12
 Fire: Hunting sling     |    93 |   115 ||   208
Evoke: Wand              |       |     1 ||     1
 Stab: Sleeping          |       |     1 ||     1
  Eat: Chunk             |       |     2 ||     2
Armor: Leather armour    |     4 |     8 ||    12
Dodge: Dodged            |    13 |    34 ||    47

Table legend:
 A = Spawn XP
 B = Non-spawn XP
 C = Spawn XP percentage of total XP
 D = Spawn monster count
 E = Non-spawn monster count
 F = Spawn count percentage of total count
 G = Total turns spent on level
                    A         B        C        D         E        F      G
               +---------+---------+-------+---------+---------+-------+---------
         Total |       0 |     242 |   0.0 |       0 |      55 |   0.0 |  1625
               +---------+---------+-------+---------+---------+-------+---------
           D:1 |       0 |      32 |   0.0 |       0 |      18 |   0.0 |   538
           D:2 |       0 |     124 |   0.0 |       0 |      22 |   0.0 |   792
           D:3 |       0 |      86 |   0.0 |       0 |      15 |   0.0 |   295
               +---------+---------+-------+---------+---------+-------+---------
